 Dungeon Crawl Stone Soup version 0.29.1-15-g9cfb28693d (webtiles) character file.

Game seed: 11120166778665026689

42 Hugehornet the Covered (level 3, -4/23 HPs)
             Began as a Gargoyle Fighter on Mar 22, 2023.
             Slain by an iguana (7 damage)
             ... on level 2 of the Dungeon.
             The game lasted 00:01:19 (1296 turns).

Hugehornet the Covered (Gargoyle Fighter)           Turns: 1296, Time: 00:01:19

Health: -4/23      AC: 11    Str: 19    XL:     3   Next: 54%
Magic:  3/3        EV:  9    Int: 10    God:
Gold:   95         SH:  4    Dex:  9    Spells: 2/2 levels left

rFire   . . .      SeeInvis .   a - +0 war axe
rCold   . . .      Faith    .   c - +0 buckler
rNeg    + . .      Spirit   .   b - +0 scale mail
rPois   ∞          Reflect  .   (no helmet)
rElec   +          Harm     .   (no cloak)
rCorr   .          Rampage  .   (no gloves)
Will    .....                   e - +0 pair of boots
Stlth   ..........              (no amulet)
HPRegen 0.07/turn               (no ring)
MPRegen 0.08/turn               (no ring)

@: mighty
A: sickness immunity, AC +3, negative energy resistance 1, electricity
resistance, torment resistance 1, petrification resistance
a: no special abilities


You were on level 2 of the Dungeon.
You visited 1 branch of the dungeon, and saw 2 of its levels.

You collected 95 gold pieces.

Inventory:

Hand Weapons
 a - a +0 war axe (weapon)
Armour
 b - a +0 scale mail (worn)
 c - a +0 buckler (worn)
 e - a +0 pair of boots (worn)
Scrolls
 g - 3 scrolls of identify {unknown}
 i - a scroll of brand weapon {unknown}
 k - a scroll of silence {unknown}
 l - a scroll of vulnerability {unknown}
Potions
 f - a potion of ambrosia {unknown}
 h - a potion of curing {unknown}
 j - 2 potions of flight {unknown}


   Skills:
 - Level 3.2 Fighting
 * Level 2.7 Axes
 * Level 4.1 Armour
 - Level 3.2 Shields


You had 2 spell levels left.
You didn't know any spells.
Your spell library was empty.

Dungeon Overview and Level Annotations

Branches:
Dungeon (2/15)

Altars:


Innate Abilities, Weirdness & Mutations

You are immune to sickness and miasma.
Your stone body is resilient. (AC +3)
You are immune to poison.
You resist negative energy. (rN+)
You are resistant to electric shocks. (rElec)
You are resistant to unholy torment.
You are immune to petrification.


Message History

No target in view!
No target in view!
Found a stone staircase leading up.
You now have 55 gold pieces (gained 11).
g - 3 scrolls labelled SAORPH TUMUAST (gained 1)
l - a scroll labelled PAMPOTOTSOU You now have 64 gold pieces (gained 9).
Found a cloak.
You now have 76 gold pieces (gained 12).
You now have 92 gold pieces (gained 16).
You see here 5 poisoned darts.
You now have 95 gold pieces (gained 3).
You see here 5 poisoned darts.
j - 2 metallic coppery potions (gained 1)
An iguana comes into view.
The iguana hisses angrily.
An iguana is nearby!
You see here 7 gold pieces.
The iguana bites you!
You hit the iguana.
The iguana is moderately wounded.
The iguana bites you!
You are too injured to fight recklessly!
You are too injured to fight recklessly!
You hit the iguana.
The iguana is moderately wounded.
The iguana bites you but does no damage.
The iguana completely misses you.
You feel very mighty all of a sudden. The iguana bites you.
* * * LOW HITPOINT WARNING * * *
You barely miss the iguana.
The iguana is moderately wounded.
The iguana bites you.
* * * LOW HITPOINT WARNING * * *
You slash the iguana!
The iguana is almost dead.
The iguana bites you but does no damage.
The iguana bites you!
You die...

..........##..
#.................## .
..................## ..
.................... ..
.................#. ##.
...........†...... #...
#.....(...†.....
#....####.........))...
#.l@.$.............[
.................<......
......###...............
.###........†...........
#........†...........
#....................
#....................
....................
##.####............


You could see an iguana.

Vanquished Creatures
  An adder (D:2)
  2 dart slugs (D:1)
  A ball python (D:1)
  2 endoplasms (D:1)
  A giant cockroach (D:2)
  2 goblins
  2 hobgoblins (D:1)
  3 jackals (D:1)
  3 kobolds
  4 bats
  2 frilled lizards
  6 rats
29 creatures vanquished.

Notes
Turn   | Place    | Note
-------+----------+-------------------------------------------
     0 | D:1      | Hugehornet the Gargoyle Fighter began the quest for the
                  | Orb.
     0 | D:1      | Reached XP level 1. HP: 14/14 MP: 1/1
   138 | D:1      | Reached XP level 2. HP: 13/19 MP: 2/2
   818 | D:1      | Reached XP level 3. HP: 23/23 MP: 3/3
   974 | D:1      | Reached skill level 4 in Armour
  1296 | D:2      | Slain by an iguana

Illustrated notes

Levels and vault maps discovered:
D:1:      lemuel_arrival_cross, layout_basic
D:2:      layout_rooms

Skill      XL: |  1  2  3 |
---------------+----------+-----
Axes           | 2 |  2.7
Armour         | 4 |  4.1
Fighting       | |  3.2
Shields        | |  3.2

Action                   || total
-------------------------++-------
Melee: War axe           ||    79
  Use: Potion            ||     1
Armor: Scale mail        ||    57
Dodge: Dodged            ||    47
Block: Buckler           ||    15
